 Dungeon Crawl Stone Soup version 0.30.1-11-g7821555f0a (webtiles) character file.

Game seed: 8920046723739311016

4 comborobin the Sneak (level 1, -2/19 HPs)
             Began as a Hill Orc Delver on Dec 23, 2023.
             Slain by an orc priest
             ... wielding a +0 flail
              (3 damage)
             ... on level 5 of the Dungeon.
             The game lasted 00:00:40 (156 turns).

comborobin the Sneak (Hill Orc Delver)               Turns: 156, Time: 00:00:41

Health: -2/19      AC:  3    Str: 14    XL:     1   Next: 60%
Magic:  1/1        EV: 11    Int: 10    God:
Gold:   9          SH:  0    Dex: 12    Spells: 0/0 levels left

rFire   . . .        a - +0 hand axe
rCold   . . .        (no shield)
rNeg    . . .        b - +0 leather armour
rPois   .            (no helmet)
rElec   .            (no cloak)
rCorr   .            (no gloves)
SInv    .            (no boots)
Will    .....        (no amulet)
Stlth   ++           (no ring)
HPRegen 0.23/turn    (no ring)
MPRegen 0.07/turn

%: no passive effects
@: hasted, very quick
A: no striking features
a: Convert to Beogh


You were on level 5 of the Dungeon.
You visited 1 branch of the dungeon, and saw 2 of its levels.

You collected 9 gold pieces.

Inventory:

Hand Weapons
 a - a +0 hand axe (weapon)
Armour
 b - a +0 leather armour (worn)
Wands
 g - a wand of digging (3)
Scrolls
 c - a scroll of fog
 d - a scroll of magic mapping
 e - a scroll of fear
 i - a scroll of enchant armour {unknown}
 j - a scroll of identify {unknown}


   Skills:
 - Level 3.6 Fighting
 + Level 3.2 Axes
 - Level 1.5 Dodging
 - Level 4.1 Stealth


You couldn't memorise any spells.
You didn't know any spells.
Your spell library was empty.

Dungeon Overview and Level Annotations

Branches:
Dungeon (6/15)
 Temple: D:4-7

Altars:
Okawaru


Message History

The orc priest closely misses you.
Your Axes skill increases to level 3!
The orc priest hits you but does no damage.
The orc closely misses you.
You completely miss the orc priest.
The orc priest is moderately wounded.
You barely miss the orc.
The white imp shouts, "Taste defeat, thou mangled guts-griping pustule!"
The orc misses you.
The orc priest hits you but does no damage.
You closely miss the white imp. You hit the orc.
You completely miss the orc priest.
The orc priest looks satisfied for a moment.
You hit the orc.
You kill the orc!
You hit the white imp. The white imp hits you. The white imp freezes you.
You hit the white imp.
The white imp is moderately wounded.
You hit the orc priest. The white imp barely misses you.
The orc priest closely misses you.
You closely miss the orc priest.
The orc priest shouts, "Beogh is our master!
Accept the truth or die!"
The orc priest is moderately wounded.
You hit the white imp but do no damage.
The orc priest threatens, "By the altar or by the axe, you will meet Beogh!"
The white imp gestures at you. The puff of frost hits you!
Ouch! That really hurt!
The orc priest hits you with a +0 flail.
* * * LOW HITPOINT WARNING * * *
You hit the white imp.
The white imp is severely wounded.
You hit the orc priest but do no damage.
You hit the white imp.
The white imp is almost dead.
The orc priest shouts, "Beogh is our master!
Accept the truth or die!"
You hit the orc priest.
The orc priest shouts, "Beogh is our master!
Accept the truth or die!"
The orc priest hits you with a +0 flail.
You die...

####'####...##...##
#.................#
#.....>...........#
#.................#
#......##...#######
#########...##.##
#.......# #.......#
#...@5..+ #....o.)#
#............
#........#...
#.......#_#...
#..##....#..## #..
###.....# ...
...... ... .....


You could see an orc priest and a white imp.

Vanquished Creatures
  2 orcs (D:5)
2 creatures vanquished.

Notes
Turn   | Place    | Note
-------+----------+-------------------------------------------
     0 | D:5      | comborobin the Hill Orc Delver began the quest for the Orb.
     0 | D:5      | Reached XP level 1. HP: 19/19 MP: 1/1
    43 | D:6      | Noticed a gnoll bouda
    65 | D:5      | Found an iron altar of Okawaru.
    66 | D:5      | Noticed an orc priest
   115 | D:6      | Noticed a wight
   156 | D:5      | Slain by an orc priest

Illustrated notes

Levels and vault maps discovered:
D:5:      layout_gridville, okawaru_metal_pillars_1_2,
          mainiacjoe_overflow_large_starburst, biasface_ghost_orc_armoury,
          uniq_grinder, uniq_edmund
D:6:      layout_basic, bloody_trog, mainiacjoe_overflow_alcove_4

Skill      XL: |  1 |
---------------+----+-----
Axes           | 3 |  3.2
Fighting       | |  3.6
Dodging        | |  1.5
Stealth        | |  4.1

Action                     || total
---------------------------++-------
  Melee: Hand axe          ||    11
    Use: Potion            ||     3
 Armour: Leather armour    ||     2
  Dodge: Dodged            ||     7
